 Dungeon Crawl Stone Soup version 0.30.1-11-g7821555f0a (webtiles) character file.

Game seed: 543821240112153219

428489 fedepesso the Slayer (level 22, -13/231 HPs)
             Began as a Minotaur Fighter on Nov 6, 2023.
             Was the Champion of Okawaru.
             Killed from afar by a frost giant (19 damage)
             ... with a bolt of cold
             ... on level 5 of the Vaults.
             The game lasted 01:50:32 (50348 turns).

fedepesso the Slayer (Minotaur Fighter)            Turns: 50348, Time: 01:50:33

Health: -13/231    AC: 45    Str: 43    XL:     22   Next: 79%
Magic:  25/25      EV: 18    Int:  9    God:    Okawaru [******]
Gold:   2482       SH: 32    Dex: 16    Spells: 21/21 levels left

rFire   + . .        a - +2 broad axe of the Unspeakable One {heavy, rC+}
rCold   + . .        e - +4 tower shield of the Harvest {rPois rN+ Dex+2}
rNeg    + . .        y - +7 plate armour "Fevaeree" {Fly Str+6 Int-4 Slay-3}
rPois   +            L - +2 hat {Int+3}
rElec   .            Z - +0 cloak "Zueno" {Rampage Str+6 Dex+3}
rCorr   .            k - +2 pair of gloves {hurl}
SInv    +            H - +4 pair of boots of the Stallion {SInv}
Will    +....        X - amulet "Tegraqak" {Reflect Int+5 SH+5} Stlth
                     T - ring "Nacovoca" {rF+ Slay+4}
HPRegen 0.58/turn    F - +4 ring of protection
MPRegen 0.19/turn

%: reflection, rampage
@: about to teleport, marked, flying
A: horns 2, retaliatory headbutt
}: 2/15 runes: decaying, serpentine
a: Renounce Religion, Heroism, Finesse, Duel


You were on level 5 of the Vaults.
You worshipped Okawaru.
Okawaru was exalted by your worship.
You visited 9 branches of the dungeon, and saw 42 of its levels.
You also visited: Ossuary and Bailey.

You collected 4634 gold pieces.
You spent 2152 gold pieces at shops.

Inventory:

Hand Weapons
 a - the +2 broad axe of the Unspeakable One (weapon) {heavy, rC+}
   (Okawaru gifted it to you on level 1 of the Swamp)

   rC:        It protects you from cold.
 U - a +9 broad axe of electrocution
Missiles
 A - a throwing net
 V - 12 silver javelins (quivered)
Armour
 e - the +4 tower shield of the Harvest (worn) {rPois rN+ Dex+2}
   (Okawaru gifted it to you on level 2 of the Depths)

   Dex:       It affects your dexterity (+2).
   rPois:     It protects you from poison.
   rN:        It protects you from negative energy.
 k - a +2 pair of gloves of hurling (worn)
 y - the +7 plate armour "Fevaeree" (worn) {Fly Str+6 Int-4 Slay-3}
   (You found it on level 4 of the Swamp)

   Str:       It affects your strength (+6).
   Int:       It affects your intelligence (-4).
   Slay:      It affects your accuracy & damage with ranged weapons and melee
   (-3).
   Fly:       It grants you flight.
 H - the +4 pair of boots of the Stallion (worn) {SInv}
   (Okawaru gifted it to you on level 1 of the Vaults)

   SInv:      It lets you see invisible.
 L - a +2 hat of intelligence (worn)
 Z - the +0 cloak "Zueno" (worn) {Rampage Str+6 Dex+3}
   (You acquired it on level 1 of the Depths)

   Str:       It affects your strength (+6).
   Dex:       It affects your dexterity (+3).
   Rampage:   It bestows one free step when moving towards enemies.
Jewellery
 g - a ring of flight
 u - a +6 ring of strength
 v - a ring of see invisible
 x - a ring of fire
 z - a ring of protection from cold
 F - a +4 ring of protection (right hand)
 T - the ring "Nacovoca" (left hand) {rF+ Slay+4}
   (You found it on level 3 of the Swamp)

   [ring of slaying]

   Slay:      It affects your accuracy & damage with ranged weapons and melee
   (+4).
   rF:        It protects you from fire.
 X - the amulet "Tegraqak" (around neck) {Reflect Int+5 SH+5}
   (You found it on level 2 of the Swamp)

   [amulet of reflection]

   It reflects blocked missile attacks.
   Int:       It affects your intelligence (+5).
   SH:        It affects your SH (+5).
Wands
 c - a wand of mindburst (48)
 j - a wand of digging (5)
 n - a wand of flame (67)
 r - a wand of charming (46)
 w - a wand of roots (61)
 B - a wand of light (30)
 Y - a wand of polymorph (26)
Scrolls
 h - 17 scrolls of teleportation
 t - 4 scrolls of blinking
 C - 9 scrolls of fear
 D - 6 scrolls of fog
 G - 25 scrolls of identify
 I - 3 scrolls of magic mapping
 J - 4 scrolls of enchant weapon
 M - 3 scrolls of amnesia
 O - 6 scrolls of poison
 Q - 3 scrolls of silence
Potions
 b - 3 potions of berserk rage
 d - 10 potions of might
 f - 6 potions of resistance
 i - 7 potions of magic
 l - 17 potions of curing
 m - 2 potions of flight
 o - 7 potions of heal wounds
 p - 6 potions of cancellation
 q - 5 potions of brilliance
 s - 9 potions of mutation
 E - 11 potions of lignification
 N - a potion of ambrosia
 P - 7 potions of attraction
 S - 2 potions of haste
 W - 2 potions of invisibility


   Skills:
 * Level 26.5 Fighting
 - Level 16.5(18.0) Axes
 - Level 11.9(15.7) Maces & Flails
 - Level 11.0 Throwing
 + Level 22.0 Armour
 * Level 16.2 Dodging
 + Level 21.9 Shields
 - Level 5.4 Invocations


You had 21 spell levels left.
You didn't know any spells.
Your spell library contained the following spells:

 Spells                   Type           Power      Damage    Failure   Level
 Apportation              Tloc           0%         N/A       78%         1
 Beastly Appendage        Tmut           0%         N/A       78%         1
 Foxfire                  Conj/Fire      0%         2x1d4     78%         1
 Sandblast                Erth           0%         2d4       78%         1
 Shock                    Conj/Air       0%         1d3       78%         1
 Slow                     Hex            0%         N/A       78%         1
 Momentum Strike          Conj/Tloc      0%         3d8       89%         2
 Passwall                 Tmut/Erth      0%         N/A       89%         2
 Poisonous Vapours        Pois/Air       0%         N/A       89%         2
 Wereblood                Tmut           0%         N/A       89%         2
 Confusing Touch          Hex            0%         N/A       98%         3
 Dazzling Flash           Conj/Hex       0%         N/A       98%         3
 Hailstorm                Conj/Ice       0%         3d3       98%         3
 Ignite Poison            Fire/Tmut/Pois 0%         N/A       98%         3
 Mephitic Cloud           Conj/Pois/Air  0%         N/A       98%         3
 Ozocubu's Armour         Ice            0%         N/A       98%         3
 Portal Projectile        Hex/Tloc       0%         N/A       98%         3
 Spider Form              Tmut/Pois      0%         N/A       98%         3
 Stone Arrow              Conj/Erth      0%         3d7       98%         3
 Swiftness                Air            0%         N/A       98%         3
 Vampiric Draining        Necr           0%         2d6       98%         3
 Airstrike                Air            0%         2d(0-16)  100%        4
 Ice Form                 Ice/Tmut       0%         N/A       100%        4
 Manifold Assault         Tloc           0%         N/A       100%        4
 Passage of Golubria      Tloc           0%         N/A       100%        4
 Sticky Flame             Conj/Fire      0%         2d3       100%        4
 Agony                    Necr           0%         N/A       100%        5
 Alistair's Intoxication  Tmut/Pois      0%         N/A       100%        5
 Blade Hands              Tmut           0%         N/A       100%        5
 Fireball                 Conj/Fire      0%         3d3       100%        5
 Freezing Cloud           Conj/Ice/Air   0%         6-21      100%        5
 Irradiate                Conj/Tmut      0%         3d11      100%        5
 Iskenderun's Battlesphe  Conj           0%         2d6       100%        5
 Metabolic Englaciation   Hex/Ice        0%         N/A       100%        5
 Silence                  Hex/Air        0%         N/A       100%        5
 Yara's Violent Unravell  Hex/Tmut       0%         3d3       100%        5
 Conjure Ball Lightning   Conj/Air       0%         3x3d6     100%        6
 Dispersal                Tloc           0%         N/A       100%        6
 Iron Shot                Conj/Erth      0%         9d1       100%        6
 Plasma Beam              Fire/Air       0%         2x1d11    100%        6
 Starburst                Conj/Fire      0%         6d3       100%        6
 Dragon Form              Tmut           0%         N/A       100%        7
 Orb of Destruction       Conj           0%         9d5       100%        7
 Storm Form               Tmut/Air       0%         N/A       100%        7
 Disjunction              Tloc           0%         N/A       100%        8
 Ignition                 Fire           0%         3d3       100%        8
 Maxwell's Capacitive Co  Air            0%         ∞         100%        8
 Tukima's Dance           Hex            Unusable   N/A       N/A         3
 Animate Armour           Summ/Erth      Unusable   N/A       N/A         4
 Summon Lightning Spire   Summ/Air       Unusable   N/A       N/A         4
 Simulacrum               Ice/Necr       Unusable   N/A       N/A         6

Dungeon Overview and Level Annotations

Branches:
Dungeon (15/15)            Temple (1/1) D:6            Lair (5/5) D:8
  Swamp (4/4) Lair:3        Snake (4/4) Lair:2        Slime (0/5) Lair:5
    Orc (2/2) D:12            Elf (2/3) Orc:2        Vaults (5/5) D:13
  Crypt (0/3) Vaults:3     Depths (4/4) D:15            Zot (0/5) Depths:4
Ossuary (visited)          Bailey (visited)

Altars:
Ashenzari
Cheibriados
Dithmenos
Elyvilon
Fedhas
Gozag
Hepliaklqana
Kikubaaqudgha
Makhleb
Nemelex Xobeh
Okawaru
Qazlal
Ru
Sif Muna
Trog
Uskayaw
Vehumet
Wu Jian
Xom
Yredelemnul
Zin
The Shining One
Jiyva

Shops:
D:1 *   D:5 *   D:10 *   D:14 *   Orc:2 (=[*   Elf:1 !:[((   Snake:1 ((
Snake:3 [   Depths:2 [   Depths:3 !:

Portals:
Hell: Depths:1 Depths:2 Depths:3 Depths:4
Abyss: Depths:1 Depths:3
Pandemonium: Depths:2 Depths:4
Ziggurat: Depths:2

Annotations:
D:12 3 runed translucent doors, ripuliukko's ghost, journeyman DsEE
Lair:5 exclusion: oklob plant
Elf:2 3 runed translucent doors, Asterion


Innate Abilities, Weirdness & Mutations

You have a pair of horns on your head.
You reflexively headbutt those who attack you in melee.


Message History

As you read the scroll of teleportation, it crumbles to dust.
You feel strangely unstable. You block the sphinx's attack.
The sphinx hits you but does no damage. You block the sphinx's attack.
The sphinx mumbles some strange words.
You resist with some effort.
You carve the sphinx like a ham!!!!
You kill the sphinx!
Okawaru accepts your kill.
The faun changes into a glowing shapeshifter!
The storm dragon breathes lightning at you.
The bolt of lightning hits you!!
* * * LOW HITPOINT WARNING * * *
You chop the storm dragon into pieces!!!!
You headbutt the storm dragon!
The storm dragon is almost dead.
The glowing shapeshifter changes into a swamp dragon!
The storm dragon bites you but does no damage.
You block the storm dragon's attack. x2
You barely miss the storm dragon.
You headbutt the storm dragon, but do no damage.
The storm dragon is almost dead.
You block the storm dragon's attack. The storm dragon barely misses you.
You block the storm dragon's attack.
You slice the storm dragon!!
You kill the storm dragon!
Okawaru accepts your kill.
Your surroundings suddenly seem different.
You start resting.
You feel like a meek peon again.
A tengu reaver comes into view. It is wielding a +0 battleaxe.
A frost giant comes into view.
It is wielding a +0 battleaxe of freezing.
A tengu reaver comes into view.
It is wielding a +3 great sword of draining and wearing a +3 ring mail of willpower.
The tengu reaver gestures at you while chanting.
The bolt of lightning misses you.
As you read the scroll of teleportation, it crumbles to dust.
You feel strangely unstable.
A tengu reaver comes into view. It is wielding a +0 great sword.
The frost giant gestures at you while chanting.
The bolt of cold hits you!! You resist.
You die...

*,,*,,***,,,,,,,,,,,,,,,,,*,,
*,,*,,* **,,,,,,,,,,,,,,,,*,,
*,,*,,* **,,,,,,,,,,,,,,*#..
*,,*,,* ***,,,,,,,,,,,**#..
*,,*,,**********,,,,,,**###..
*,,*,,,,,,,,,,,,,,,,,,,,...pe
*,,,,,,,,,,,,,,,,,,,,,,,,....
*,,..###############***#####.
*,,.........@.......,,,......
*,,....C............,,,......
*,,.....Q...........,,,......
*,,..QQ.C...........,,,......
*,,..###############***#####.
*,,.,,,,,*,,,,,,,,,,,,,,,,,#.
*,,*,,,,*,*,,,,,,,,,,,,,,,#.#
*,,*,,,,**,*,,,,,,,,,,,,,#.##
*,,*,,,*,**,*,,,,,,,,,,,*.##.


You could see a titan, a frost giant and 3 tengu reavers.

Vanquished Creatures
  2 juggernauts (Depths:4)
  Xtahua (Vaults:3)
  Nikola (Elf:2)
  4 golden dragons
  2 tentacled monstrosities
  2 liches
  A walking earthen tome (Depths:4)
  Rupert (Lair:5)
  3 titans (Vaults:5)
  3 sphinxes
  A thorn hunter (Swamp:3)
  Frances (Snake:1)
  4 storm dragons
  2 tengu reavers
  A shadow dragon (Depths:3)
  5 nagarajas (Snake:4)
  Kirke (D:15)
  4 fire giants
  3 fenstrider witches (Swamp:2)
  The ghost of kutty the Protected, a journeyman AtFi of Nemelex Xobeh (D:15)
  Donald (Swamp:1)
  8 frost giants
  2 balrugs
  11 vault wardens
  2 draconian shifters (Depths:4)
  Aizul (Snake:1)
  Louise (D:15)
  The ghost of Wukitam the Ninja, an adept SpEn of Wu Jian (Snake:4)
  4 spectral caustic shrikes (Depths:3)
  A deep elf sorcerer (Depths:3)
  4 orc warlords
  A reaper (Depths:2)
  6 war gargoyles
  9 ironbound preservers
  7 ironbound thunderhulks
  14 stone giants
  17 very ugly things
  A black draconian (Depths:4)
  2 green draconians (Depths:4)
  3 vampire knights
  A bunyip (shapeshifter) (Vaults:5)
  5 bunyips
  2 deep elf annihilators
  A purple draconian (Depths:4)
  10 eleionomae
  A yellow draconian (Depths:4)
  Azrael (D:12)
  A white draconian (Depths:4)
  An eidolon (Vaults:3)
  16 dire elephants
  2 deep elf death magi
  6 spark wasps
  3 merfolk javelineers (Depths:4)
  8 ettins
  Snorg (Lair:5)
  3 jiangshi (Depths:2)
  8 yaktaur captains
  2 crystal guardians
  6 fire dragons
  2 deep elf high priests
  5 great orbs of eyes
  A rakshasa (D:12)
  5 ice dragons (Depths:4)
  3 spriggan air magi
  A hell beast (Depths:2)
  5 salamander tyrants
  Fannar (Orc:1)
  4 peacekeepers
  4 ghost crabs (Swamp:3)
  14 centaur warriors
  25 vault guards
  15 hydras
  9 ironbound frosthearts
  An ogre mage (D:15)
  8 boulder beetles
  15 anacondas
  3 death yaks (Lair:5)
  10 naga warriors
  8 alligators
  10 two-headed ogres
  5 deep troll shamans
  5 deep troll earth magi
  A vampire mage (Depths:2)
  6 tengu warriors
  10 dancing weapons
  7 spriggan berserkers
  4 shock serpents
  4 orc high priests
  6 naga sharpshooters
  12 hell knights
  5 sun demons
  13 spriggans
  A soul eater (Depths:2)
  Nergalle (D:12)
  9 deep elf knights
  A shadow wraith (Vaults:5)
  A skyshark (shapeshifter) (Elf:1)
  3 fire crabs (Swamp:4)
  5 skysharks
  9 skeletal warriors
  3 goliath frogs (Swamp:3)
  Amaemon (Lair:1)
  9 iron trolls
  A sixfirhy (Depths:2)
  40 deep trolls
  3 glowing orange brains
  9 salamander mystics
  7 sea snakes (Snake:1)
  11 swamp dragons
  9 wizards
  11 naga ritualists
  2 flayed ghosts
  An orb spider (shapeshifter) (Vaults:5)
  2 deep elf archers
  2 spriggan druids (Swamp:2)
  14 lindwurms
  4 phantasmal warriors
  5 bog bodies
  17 deep elf zephyrmancers
  18 ironbound convokers
  8 orc knights
  8 necromancers
  3 manticores
  4 harpies (Vaults:4)
  35 ugly things
  2 wolf spiders (Lair:5)
  13 mana vipers
  A tengu skeleton (Vaults:2)
  12 deep elf pyromancers
  A glowing shapeshifter (Vaults:5)
  An oklob plant (Lair:5)
  5 orc sorcerers
  6 cyclopes
  A fire giant zombie (D:15)
  4 will-o-the-wisps
  26 salamanders
  17 naga magi
  19 elephants
  Maurice (D:13)
  11 vault sentinels
  8 guardian serpents
  42 black mambas
  2 smoke demons (Depths:2)
  2 orange demons
  2 gargoyles
  An unseen horror (shapeshifter) (Vaults:5)
  18 cane toads
  A human skeleton (Vaults:2)
  4 rime drakes
  A freezing wraith (Vaults:3)
  23 yaktaurs
  6 komodo dragons
  6 tengu conjurers
  An efreet (D:13)
  An elf skeleton (Vaults:2)
  A guardian mummy (D:15)
  8 trolls
  2 polar bears (Lair:3)
  10 tyrant leeches
  A bloated husk (Swamp:1)
  15 hornets
  A wind drake (shapeshifter) (D:15)
  A dream sheep (shapeshifter) (D:10)
  19 blink frogs
  5 dream sheep (Lair:3)
  3 spriggan zombies (D:15)
  Grinder (D:6)
  A vampire (D:10)
  A centaur simulacrum (D:15)
  29 slime creatures
  A spriggan (shapeshifter) (Vaults:5)
  15 wyverns
  9 water elementals
  51 yaks
  A shadow (D:10)
  3 basilisks
  2 steam dragons (Swamp:4)
  A human (Swamp:2)
  Eustachio (D:4)
  3 hogs (D:15)
  4 wraiths
  7 fire elementals
  7 redbacks
  2 neqoxecs (Depths:2)
  10 vampire mosquitoes
  4 wargs
  13 swamp worms
  A swamp worm (shapeshifter) (Depths:2)
  56 nagas
  26 water moccasins
  A floating eye (Depths:4)
  6 hell hounds (D:12)
  36 orc warriors
  An ice beast (shapeshifter) (Depths:3)
  2 ice beasts
  A glowing shapeshifter skeleton (Vaults:2)
  12 swamp drakes
  5 boggarts (D:15)
  4 ogres
  3 black bears
  36 wolves
  9 centaurs
  Blork the orc (D:5)
  15 bullfrogs
  An earth elemental (Elf:2)
  3 elf zombies
  2 gnoll sergeants
  2 scorpions (D:5)
  9 wights
  14 killer bees (D:9)
  7 electric eels
  3 howler monkeys
  3 lava snakes
  3 centaur zombies (Ossuary)
  2 human zombies (Ossuary)
  5 jellies
  7 hounds
  A gnoll bouda (Orc:1)
  18 orc priests
  A sleepcap (D:6)
  20 orc wizards
  5 hell rats (Lair:4)
  2 mummies (Ossuary)
  Robin (D:2)
  14 gnolls
  9 adders
  6 river rats (Lair:4)
  A shadow imp (D:5)
  3 white imps
  2 ufetubi
  An adder zombie (Ossuary)
  3 dart slugs
  64 orcs
  12 ball pythons
  5 endoplasms
  3 giant cockroaches
  22 goblins
  12 hobgoblins
  4 jackals (D:2)
  2 quokkas
  3 bats
  2 frilled lizards
  2 goblin zombies (Ossuary)
  7 hobgoblin zombies (Ossuary)
  19 kobolds
  12 kobold zombies (Ossuary)
  8 orc zombies (Ossuary)
  11 rats
  A spectral weapon (Snake:3)
1723 creatures vanquished.

Vanquished Creatures (others)
  An ancient lich (Vaults:5)
  A hydra (Swamp:3)
  A deep elf knight (Elf:1)
  A deep elf zephyrmancer (Elf:1)
  A manticore (D:15)
  A black mamba (Snake:3)
  A tengu conjurer (D:14)
  A tyrant leech (Swamp:2)
  3 bloated husks
  2 steam dragons (Swamp:4)
  A swamp worm (Swamp:2)
  A swamp drake (Swamp:4)
  A sky beast (D:7)
  An orc wizard (D:5)
  An orc (Orc:2)
  20 foxfires
38 creatures vanquished.

Grand Total: 1761 creatures vanquished

Notes
Turn   | Place    | Note
-------+----------+-------------------------------------------
     0 | D:1      | fedepesso the Minotaur Fighter began the quest for the Orb.
     0 | D:1      | Reached XP level 1. HP: 19/19 MP: 0/0
    80 | D:1      | Reached XP level 2. HP: 27/27 MP: 1/1
   294 | D:1      | You are sucked into a shaft and drop 1 floor!
   329 | D:2      | Reached skill level 4 in Fighting
   518 | D:1      | Reached XP level 3. HP: 32/33 MP: 2/2
   523 | D:1      | Found Uxusm's General Store.
   998 | D:2      | Noticed Robin
  1006 | D:2      | Killed Robin
  1018 | D:2      | Reached XP level 4. HP: 24/40 MP: 3/3
  1695 | D:3      | Found a shadowy altar of Dithmenos.
  1963 | D:3      | Identified the +6 dagger of Nemelex Xobeh {freeze, Will+}
  2163 | D:4      | Noticed Eustachio
  2180 | D:4      | Killed Eustachio
  2181 | D:4      | Reached XP level 5. HP: 41/47 MP: 4/4
  2270 | D:4      | Reached skill level 5 in Fighting
  2270 | D:4      | Reached skill level 5 in Maces & Flails
  2270 | D:4      | Reached skill level 5 in Armour
  2270 | D:4      | Reached XP level 6. HP: 54/56 MP: 5/5
  2366 | D:4      | Reached skill level 5 in Shields
  3004 | D:5      | Entered Level 5 of the Dungeon
  3043 | D:5      | Reached XP level 7. HP: 61/61 MP: 6/6
  3069 | D:5      | Found an opulent altar of Gozag.
  3071 | D:5      | Found Gozag's Platinum Reserve.
  3291 | D:5      | Identified the +2 leather armour of Feasting {rPois rF+}
  3561 | D:5      | Noticed Blork the orc
  3569 | D:5      | Killed Blork the orc
  3842 | D:6      | Found a staircase to the Ecumenical Temple.
  3914 | D:6      | Found a sand-covered staircase.
  3919 | Ossuary  | Entered an ossuary
  4029 | Ossuary  | Reached skill level 6 in Fighting
  4044 | Ossuary  | Reached XP level 8. HP: 70/70 MP: 7/7
  4187 | D:6      | Noticed Grinder
  4195 | D:6      | Killed Grinder
  4576 | D:6      | Found a sparkling altar of Nemelex Xobeh.
  4576 | D:6      | Found a radiant altar of Vehumet.
  4656 | Temple   | Entered the Ecumenical Temple
  5355 | D:7      | Reached skill level 7 in Fighting
  5518 | D:7      | Reached XP level 9. HP: 79/79 MP: 8/8
  5929 | D:8      | Found a hazy altar of Hepliaklqana.
  5970 | D:8      | Found a staircase to the Lair.
  6398 | D:8      | Identified the -1 buckler "Bovyomn" {Rampage rF++}
  6460 | D:8      | Reached skill level 10 in Maces & Flails
  6505 | D:8      | Found an iron altar of Okawaru.
  6513 | D:8      | Became a worshipper of Warmaster Okawaru
  6529 | D:8      | Found a flagged portal.
  6539 | Bailey   | Entered a bailey
  6556 | Bailey   | Noticed an orc warlord
  6654 | Bailey   | Found a runed translucent gate.
  6656 | Bailey   | Found a runed translucent gate.
  6657 | Bailey   | Found a runed translucent gate.
  6676 | Bailey   | Reached skill level 8 in Fighting
  6818 | Bailey   | Killed an orc warlord
  6818 | Bailey   | Reached * piety under Okawaru
  6842 | Bailey   | Identified the ring of Huwuge {Wiz rF- rN+ Int+6 Dex+2}
  6935 | Bailey   | Acquired the +2 plate armour "Vegye" {rElec MP+9 Stlth+}
  7025 | D:8      | Noticed a centaur warrior
  7037 | D:8      | Killed a centaur warrior
  7037 | D:8      | Reached ** piety under Okawaru
  7038 | D:8      | Reached XP level 10. HP: 77/90 MP: 9/9
  7110 | D:8      | Noticed a gargoyle
  7121 | D:8      | Killed a gargoyle
  7121 | D:8      | Reached *** piety under Okawaru
  7122 | D:8      | Reached skill level 9 in Fighting
  7337 | D:8      | Reached skill level 1 in Axes
  7374 | D:8      | Found a sacrificial altar of Ru.
  7831 | D:9      | Noticed a two-headed ogre
  7839 | D:9      | Killed a two-headed ogre
  7882 | D:9      | Found an ornate altar of the Wu Jian Council.
  7895 | D:9      | Noticed a two-headed ogre
  7914 | D:9      | Killed a two-headed ogre
  7914 | D:9      | Reached **** piety under Okawaru
  8154 | D:9      | Reached skill level 5 in Axes
  8469 | Lair:1   | Entered Level 1 of the Lair of Beasts
  8473 | Lair:1   | Found the +15 Maxwell's patent armour {-Cast -Tele rElec
                  | Will+ rCorr}
  8486 | Lair:1   | Noticed a boulder beetle
  8498 | Lair:1   | Reached XP level 11. HP: 67/99 MP: 10/10
  8526 | Lair:1   | Killed a boulder beetle
  8526 | Lair:1   | Reached ***** piety under Okawaru
  8527 | Lair:1   | Reached skill level 10 in Armour
  8527 | Lair:1   | Reached skill level 10 in Shields
  8769 | Lair:1   | Reached skill level 10 in Fighting
  8770 | Lair:1   | Noticed Amaemon
  8781 | Lair:1   | Killed Amaemon
  9328 | Lair:1   | Noticed a boulder beetle
  9347 | Lair:1   | Killed a boulder beetle
  9786 | Lair:2   | Received a gift from Okawaru
  9878 | Lair:2   | Noticed a skyshark
  9885 | Lair:2   | Killed a skyshark
  9885 | Lair:2   | Received a gift from Okawaru
 10197 | Lair:2   | Reached skill level 11 in Fighting
 10199 | Lair:2   | Identified the +6 chain mail "Ruah" {rElec rPois Will+
                  | rCorr} (Okawaru gifted it to you on level 2 of the Lair of
                  | Beasts)
 10199 | Lair:2   | Received a gift from Okawaru
 10199 | Lair:2   | Reached ****** piety under Okawaru
 10205 | Lair:2   | Reached XP level 12. HP: 89/110 MP: 11/11
 10385 | Lair:2   | Noticed a seven-headed hydra
 10396 | Lair:2   | Killed a seven-headed hydra
 10758 | Lair:2   | Reached skill level 10 in Axes
 11040 | Lair:2   | Found a staircase to the Snake Pit.
 11967 | Lair:3   | Reached skill level 12 in Fighting
 11972 | Lair:3   | Received a gift from Okawaru
 12486 | Lair:3   | Reached XP level 13. HP: 110/119 MP: 12/12
 12781 | Lair:3   | Found a staircase to the Swamp.
 13554 | Lair:4   | Received a gift from Okawaru
 13734 | Lair:4   | Reached skill level 13 in Fighting
 14135 | Lair:5   | Entered Level 5 of the Lair of Beasts
 14266 | Lair:5   | Noticed Rupert
 14284 | Lair:5   | Killed Rupert
 14541 | Lair:5   | Noticed Snorg
 14562 | Lair:5   | Killed Snorg
 14870 | Lair:5   | Reached XP level 14. HP: 121/129 MP: 13/13
 15042 | Lair:5   | Reached skill level 15 in Axes
 15046 | Lair:5   | Identified the +1 robe of the Snake Pit {Harm rC+ Str-5
                  | Dex+3} (Okawaru gifted it to you on level 5 of the Lair of
                  | Beasts)
 15046 | Lair:5   | Received a gift from Okawaru
 15228 | Lair:5   | Reached skill level 14 in Fighting
 15352 | Lair:5   | Found a viscous altar of Jiyva.
 15354 | Lair:5   | Found a staircase to the Slime Pits.
 15922 | D:10     | Entered Level 10 of the Dungeon
 16013 | D:10     | Found Ehirgh's Serpentskin Sales.
 16049 | D:10     | Identified the +4 quarterstaff "Dragonslayer" {antimagic,
                  | rF+ Will++ rCorr Int-2}
 17826 | D:12     | Identified the +7 chain mail of Death's Door {rPois Will+
                  | Dex+2} (Okawaru gifted it to you on level 12 of the
                  | Dungeon)
 17826 | D:12     | Received a gift from Okawaru
 17883 | D:12     | Noticed Azrael
 17910 | D:12     | Killed Azrael
 18201 | D:12     | Found a staircase to the Orcish Mines.
 18496 | D:12     | Found a runed translucent gate.
 18496 | D:12     | Found a runed translucent gate.
 18496 | D:12     | Noticed an azure jelly
 18497 | D:12     | Found a runed translucent gate.
 18497 | D:12     | Noticed an acid blob
 18498 | D:12     | Noticed a rockslime
 18498 | D:12     | Noticed an azure jelly
 18498 | D:12     | Noticed ripuliukko's ghost (journeyman DsEE)
 18498 | D:12     | Noticed an acid blob
 18498 | D:12     | Noticed a quicksilver ooze
 18499 | D:12     | Noticed an azure jelly
 18614 | D:12     | Noticed Nergalle
 18622 | D:12     | Killed Nergalle
 18623 | D:12     | Reached XP level 15. HP: 129/139 MP: 14/14
 18657 | D:12     | Identified the +6 flail "Bingo" {drain, Str+2 Int-5 Dex+3}
 18766 | D:12     | Found a viscous altar of Jiyva.
 18852 | Orc:1    | Entered Level 1 of the Orcish Mines
 18866 | Orc:1    | Reached skill level 15 in Armour
 18950 | Orc:2    | Entered Level 2 of the Orcish Mines
 18950 | Orc:2    | Found a staircase to the Elven Halls.
 18987 | Orc:1    | Reached skill level 15 in Shields
 19165 | Orc:2    | Reached skill level 15 in Fighting
 19829 | Orc:2    | Found Kyeps's Jewellery Shoppe.
 19838 | Orc:2    | Found Emeewan's General Store.
 19858 | Orc:2    | Found Doyf's Antique Armour Shoppe.
 19866 | Orc:2    | Found Jisoeq's Antique Weapon Shoppe.
 20791 | Orc:1    | Noticed Fannar
 20802 | Orc:1    | Killed Fannar
 21223 | D:13     | Found an ornate altar of the Wu Jian Council.
 21390 | D:13     | Noticed Maurice
 21414 | D:13     | Killed Maurice
 21422 | D:13     | Reached skill level 1 in Invocations
 21629 | D:13     | Found a gate to the Vaults.
 21831 | D:13     | Received a gift from Okawaru
 21831 | D:13     | Found the +5 demon whip "Spellbinder" {antimagic, disrupt,
                  | Will+}
 21956 | D:13     | Reached skill level 16 in Fighting
 22154 | Orc:2    | Bought a potion of haste for 140 gold pieces
 22154 | Orc:2    | Bought a scroll of enchant armour for 105 gold pieces
 22254 | D:14     | Found a basalt altar of Yredelemnul.
 22583 | D:14     | Found Ipesech's General Store.
 22666 | D:14     | Bought a potion of heal wounds for 75 gold pieces
 22666 | D:14     | Bought a scroll of blinking for 112 gold pieces
 23016 | D:15     | Entered Level 15 of the Dungeon
 23048 | D:15     | Received a gift from Okawaru
 23113 | D:15     | Found a staircase to the Depths.
 23482 | D:15     | Noticed Louise
 23495 | D:15     | Killed Louise
 23646 | D:15     | Found a broken altar of Ashenzari.
 23867 | D:15     | Found a runed translucent door.
 24040 | D:15     | Noticed Kirke
 24055 | D:15     | Killed Kirke
 24181 | D:15     | Found a sparkling altar of Nemelex Xobeh.
 24221 | D:15     | Noticed kutty's ghost (journeyman AtFi)
 24480 | D:15     | Killed kutty's ghost
 24481 | D:15     | Reached skill level 17 in Fighting
 24481 | D:15     | Reached XP level 16. HP: 143/155 MP: 15/18
 24762 | Swamp:1  | Entered Level 1 of the Swamp
 24886 | Swamp:1  | Identified the +2 broad axe of the Unspeakable One {heavy,
                  | rC+} (Okawaru gifted it to you on level 1 of the Swamp)
 24886 | Swamp:1  | Received a gift from Okawaru
 25223 | Swamp:1  | You fall into a shaft and drop 1 floor!
 25231 | Swamp:2  | Identified the amulet "Tegraqak" {Reflect Int+5 SH+5}
 25553 | Swamp:1  | Noticed Donald
 25573 | Swamp:1  | Killed Donald
 25979 | Swamp:2  | Reached skill level 5 in Invocations
 26581 | Swamp:2  | Paralysed by a fenstrider witch for 4 turns
 26807 | Swamp:2  | Found a runed translucent door.
 27006 | Swamp:3  | Reached skill level 18 in Fighting
 27050 | Swamp:3  | Reached skill level 1 in Dodging
 27145 | Swamp:3  | Received a gift from Okawaru
 27768 | Swamp:3  | Identified the +1 pair of boots of Subjectivity {Will+}
 27882 | Swamp:3  | Identified the ring "Nacovoca" {rF+ Slay+4}
 28064 | Snake:1  | Entered Level 1 of the Snake Pit
 28077 | Snake:1  | Noticed Aizul
 28098 | Snake:1  | Killed Aizul
 28150 | Snake:1  | Received a gift from Okawaru
 28244 | Snake:1  | Identified the +1 scale mail "Ogeustub" {rCorr Int+3 Dex+3}
 28274 | Snake:1  | Found Sejyass's Weapon Boutique.
 28281 | Snake:1  | Found Cufu's Weapon Shop.
 28342 | Snake:1  | Reached skill level 19 in Fighting
 28348 | Snake:1  | Reached XP level 17. HP: 134/168 MP: 20/20
 28438 | Snake:1  | Identified the +12 great sword of Cydoiss {spect, rElec
                  | rPois rCorr Str-2}
 28443 | Snake:1  | Noticed Frances
 28470 | Snake:1  | Killed Frances
 28975 | Snake:1  | Identified the +2 war axe "Killer Bee's Bane" {drain,
                  | +Blink Int+3} (Okawaru gifted it to you on level 1 of the
                  | Snake Pit)
 28975 | Snake:1  | Received a gift from Okawaru
 29019 | Snake:1  | Reached skill level 5 in Dodging
 29257 | Snake:1  | Identified the +10 hand axe "Koudatu" {drain, Int+4 Stlth+}
 29968 | Snake:3  | Received a gift from Okawaru
 30110 | Snake:3  | Reached skill level 20 in Fighting
 30256 | Snake:3  | Found Uvvism's Armour Shoppe.
 30303 | Snake:3  | Bought a +1 pair of gloves of hurling for 247 gold pieces
 30333 | Snake:3  | Found a snail-covered altar of Cheibriados.
 30835 | Swamp:4  | Entered Level 4 of the Swamp
 30843 | Swamp:4  | Acquired the +0 cloak of Jigsaw {MP-9 Str+2 Slay+5}
 31005 | Snake:4  | Entered Level 4 of the Snake Pit
 31032 | Snake:4  | Received a gift from Okawaru
 31089 | Snake:4  | Identified the +0 chain mail of Pessimism {Int+4 Dex-2}
 31614 | Snake:4  | Identified the +1 pair of boots of Liberty {rPois Int+3}
                  | (Okawaru gifted it to you on level 4 of the Snake Pit)
 31614 | Snake:4  | Received a gift from Okawaru
 31615 | Snake:4  | Reached XP level 18. HP: 126/180 MP: 12/21
 31977 | Snake:4  | Found a runed translucent door.
 31977 | Snake:4  | Found a shimmering altar of Xom.
 31977 | Snake:4  | Noticed Wukitam's ghost (adept SpEn)
 32005 | Snake:4  | Killed Wukitam's ghost
 32094 | Snake:4  | Reached skill level 1 in Throwing
 32109 | Snake:4  | Reached skill level 21 in Fighting
 32770 | Snake:4  | Got a serpentine rune of Zot
 33522 | Swamp:4  | Received a gift from Okawaru
 34277 | Swamp:4  | Identified the +7 plate armour "Fevaeree" {Fly Str+6 Int-4
                  | Slay-3}
 34613 | Swamp:4  | Reached skill level 5 in Throwing
 34634 | Swamp:4  | Got a decaying rune of Zot
 34783 | Swamp:4  | Identified the +8 dagger of Experimentation {drain, Dex+3}
 34784 | Swamp:4  | Identified the +8 sling "Rumail" {flame, rN+ SInv Stlth-}
 35191 | Vaults:1 | Entered Level 1 of the Vaults
 35687 | Vaults:1 | Identified the +4 pair of boots of the Stallion {SInv}
                  | (Okawaru gifted it to you on level 1 of the Vaults)
 35687 | Vaults:1 | Received a gift from Okawaru
 35883 | Vaults:1 | Reached skill level 22 in Fighting
 35883 | Vaults:1 | Reached XP level 19. HP: 177/191 MP: 13/22
 36672 | Vaults:2 | Received a gift from Okawaru
 37712 | Vaults:2 | Reached skill level 10 in Dodging
 37713 | Vaults:2 | Identified the +1 pair of boots "Axun" {rN+ rCorr Slay+2}
                  | (Okawaru gifted it to you on level 2 of the Vaults)
 37713 | Vaults:2 | Received a gift from Okawaru
 38591 | Vaults:3 | Noticed Xtahua
 38601 | Vaults:3 | Killed Xtahua
 38865 | Vaults:3 | Reached skill level 23 in Fighting
 39193 | Vaults:3 | Reached XP level 20. HP: 203/203 MP: 14/23
 39631 | Vaults:3 | Found a staircase to the Crypt.
 39866 | Vaults:4 | Paralysed by a sphinx for 4 turns
 40189 | Vaults:4 | Reached skill level 10 in Throwing
 40538 | Vaults:4 | Received a gift from Okawaru
 41301 | Vaults:4 | Received a gift from Okawaru
 41301 | Vaults:4 | Found the +8 Wrath of Trog {antimagic, *Rage Rampage}
 42255 | Orc:2    | Bought 3 scrolls of fear for 168 gold pieces
 42255 | Orc:2    | Bought a scroll of blinking for 105 gold pieces
 42255 | Orc:2    | Acquired an amulet of reflection
 42309 | Elf:1    | Entered Level 1 of the Elven Halls
 42604 | Elf:1    | Received a gift from Okawaru
 42638 | Elf:1    | Got the Lectures on Attacks
 43250 | Elf:1    | Reached skill level 24 in Fighting
 43251 | Elf:1    | Found Ehacluk's Distillery.
 43255 | Elf:1    | Received a gift from Okawaru
 43434 | Elf:1    | Bought a potion of berserk rage for 80 gold pieces
 43434 | Elf:1    | Bought a potion of curing for 48 gold pieces
 43434 | Elf:1    | Bought a potion of haste for 160 gold pieces
 43434 | Elf:1    | Bought a potion of ambrosia for 128 gold pieces
 43434 | Elf:1    | Bought a potion of heal wounds for 80 gold pieces
 43434 | Elf:1    | Bought a potion of lignification for 48 gold pieces
 43434 | Elf:1    | Bought a potion of berserk rage for 80 gold pieces
 43451 | Elf:1    | Found a radiant altar of Vehumet.
 43466 | Elf:1    | Found Waid's Book Boutique.
 43508 | Elf:1    | Found Cyteg's Weapon Shoppe.
 43536 | Elf:1    | Found Kait's Antique Armour Shoppe.
 43569 | Elf:1    | Found Saiddys's Weapon Boutique.
 43956 | Elf:2    | Noticed Nikola
 43967 | Elf:2    | Killed Nikola
 44124 | Elf:2    | Found a runed translucent gate.
 44124 | Elf:2    | Found a runed translucent gate.
 44124 | Elf:2    | Found a runed translucent gate.
 44124 | Elf:2    | Noticed Asterion
 44366 | Depths:1 | Entered Level 1 of the Depths
 44490 | Depths:1 | Found a one-way gate to the infinite horrors of the Abyss.
 44808 | Depths:1 | Reached XP level 21. HP: 178/214 MP: 15/24
 44918 | Depths:1 | Paralysed by a vampire knight for 2 turns
 44968 | Depths:1 | Acquired the +0 cloak "Zueno" {Rampage Str+6 Dex+3}
 45106 | Depths:1 | Found the +8 demon blade "Leech" {evervamp, Harm Drain rN+}
 45245 | Depths:1 | Found a gateway to Hell.
 45622 | Depths:1 | Found a stormy altar of Qazlal.
 45733 | Depths:2 | Identified the +4 tower shield of the Harvest {rPois rN+
                  | Dex+2} (Okawaru gifted it to you on level 2 of the Depths)
 45733 | Depths:2 | Received a gift from Okawaru
 45953 | Depths:2 | Found a one-way gateway to a ziggurat.
 46047 | Depths:2 | Identified the +2 scale mail "Qifelog" {rF+ Regen+}
 46074 | Depths:2 | Identified the +1 scale mail of the Shore {Int+4}
 46084 | Depths:2 | Found a one-way gate leading to the halls of Pandemonium.
 46444 | Depths:2 | Found a glowing silver altar of Zin.
 46504 | Depths:2 | Found Funy's Antique Armour Emporium.
 46565 | Depths:2 | Reached skill level 25 in Fighting
 46753 | Depths:2 | Identified the +4 chain mail of the Game of Life {Drain
                  | +Blink rElec rN+}
 47065 | Depths:3 | Found Ulucyel's Book Boutique.
 47655 | Depths:3 | Noticed a golden dragon
 47665 | Depths:3 | Killed a golden dragon
 47734 | Depths:3 | Received a gift from Okawaru
 47756 | Depths:3 | Noticed a golden dragon
 47761 | Depths:3 | Killed a golden dragon
 47786 | Depths:3 | Found Ruurr's Distillery.
 47792 | Depths:3 | Bought a potion of resistance for 160 gold pieces
 47792 | Depths:3 | Bought a potion of heal wounds for 80 gold pieces
 47792 | Depths:3 | Bought a potion of berserk rage for 80 gold pieces
 47792 | Depths:3 | Bought a potion of lignification for 48 gold pieces
 47792 | Depths:3 | Bought a potion of heal wounds for 80 gold pieces
 47792 | Depths:3 | Bought a potion of ambrosia for 128 gold pieces
 47883 | Depths:4 | Entered Level 4 of the Depths
 47915 | Depths:4 | Noticed a juggernaut
 47927 | Depths:4 | Killed a juggernaut
 47929 | Depths:4 | Noticed a juggernaut
 47934 | Depths:4 | Paralysed by a floating eye for 3 turns
 47939 | Depths:4 | Killed a juggernaut
 48087 | Depths:4 | Reached XP level 22. HP: 208/226 MP: 25/25
 48141 | Depths:4 | Paralysed by a vampire knight for 4 turns
 48634 | Depths:4 | Received a gift from Okawaru
 48669 | Depths:4 | Received a gift from Okawaru
 48922 | Depths:4 | Reached skill level 15 in Dodging
 49097 | Depths:4 | Noticed a golden dragon
 49105 | Depths:4 | Killed a golden dragon
 49108 | Depths:4 | Found a gate to the Realm of Zot.
 49370 | Depths:4 | Received a gift from Okawaru
 49918 | Vaults:5 | Entered Level 5 of the Vaults
 49926 | Vaults:4 | Received a gift from Okawaru
 49979 | Vaults:5 | Noticed a golden dragon
 49980 | Vaults:5 | Reached skill level 26 in Fighting
 49985 | Vaults:5 | Received a gift from Okawaru
 49992 | Vaults:5 | Killed a golden dragon
 50268 | Vaults:5 | Noticed an ancient lich
 50275 | Vaults:5 | Killed an ancient lich
 50285 | Vaults:5 | Identified the +5 hand crossbow of the Ancient Priests
                  | {drain, +Blink rCorr Int+3} (Okawaru gifted it to you on
                  | level 5 of the Vaults)
 50285 | Vaults:5 | Received a gift from Okawaru
 50288 | Vaults:5 | Found the +8 lance "Wyrmbane" {slay drac, rPois rF+ rC+
                  | AC+3}
 50312 | Vaults:5 | Identified the amulet "Midisiv" {Faith Rampage rF- Regen+
                  | rCorr}
 50338 | Vaults:5 | HP: 1/231 [storm dragon/bolt of lightning (26)]
 50348 | Vaults:5 | Killed from afar by a frost giant

Illustrated notes

Levels and vault maps discovered:
D:1:      reono_arrival_forest_river, layout_loops_ring, serial_shops,
          nicolae_shop_back_alley_shop, minmay_misc_feat_hallway,
          hangedman_decor_points
D:2:      minmay_chambers_of_ones, layout_basic, chequers_serial_rivers_room_b,
          kennysheep_crisscross, uniq_robin
D:3:      layout_basic, grunt_dithmenos_smoke_and_mirrors
D:4:      dreamdust_elfheim, layout_loops_corners, uniq_eustachio
D:5:      layout_gridville, nicolae_gozag_zags_fifth_avenue, uniq_blork_the_orc
D:6:      layout_loops_ring, amethyst_overflow_temple_binary,
          minmay_temple_entry_statues, enter_ossuary_2, uniq_grinder
D:7:      layout_basic, minmay_misc_feat_enclosed
D:8:      layout_loops_ring, okawaru_ov_weapons_minmay,
          overflow_temple_1_default, amcnicky_altar_gilded, erik_lair_island,
          enter_bailey_7
D:9:      layout_roguey, mainiacjoe_overflow_24_doors, minmay_misc_feat_ornament
D:10:     layout_loops_ring, guppyfry_shop_venom
D:11:     layout_basic, reono_crystal_passage
D:12:     layout_loops_ring, orc_0_dummy, gammafunk_ghost_ooze, uniq_azrael,
          uniq_nergalle
D:13:     layout_loops_ring, david_vaults_4, nzn_wu_jian_contemplation,
          uniq_maurice
D:14:     layout_gridville, serial_shops, shop_statue, minmay_misc_feat_pillars,
          yredelemnul_altar_generic
D:15:     gammafunk_depths_entry_grave, layout_cave_pods, ashenzari_altar_1,
          ebering_ghost_reflecting_pool, nemelex_xobeh_ov_fountains_minmay,
          uniq_louise, uniq_kirke
Temple:   eino_temple_water
Lair:1:   layout_gridlike, dreamdust_deal_with_the_devil, minivault_23,
          minivault_25, nicolae_quartered_pool_impasse,
          amcnicky_mini_pool_medium, uniq_amaemon
Lair:2:   layout_small_grid, minmay_snake_entry_guardpost_small, serial_bayou,
          serial_bayou_shore_a, serial_bayou_lagoon_a, serial_bayou_pond_e,
          serial_bayou_pond_c
Lair:3:   layout_gridlike, minmay_swamp_entry_worms, st_stairs_11,
          beast_lair_carwin_6, lemuel_fruit_fields, lemuel_fruit_fields
Lair:4:   layout_regular_city, kennysheep_abandoned_house
Lair:5:   hangedman_lair_tendril_chambers, layout_long_grid,
          minmay_slime_entry_oklob_enclosed, st_stairs_5,
          infiniplex_staircase_pool_2, uniq_rupert, uniq_snorg
Swamp:1:  layout_basic_swamp, nicolae_swamp_trees_clearing, uniq_donald
Swamp:2:  layout_basic_swamp, nicolae_swamp_fairy_circle, swamp_pool5,
          nzn_swamp_weyward_sisters
Swamp:3:  layout_basic_swamp, hangedman_swamp_pad, swamp_pool2,
          nicolae_swamp_stuck_in_the_mud
Swamp:4:  swamp_fiery, layout_basic_swamp
Snake:1:  minmay_snake_river, layout_misc_corridors, serial_bayou_pond_b,
          minmay_shoptagon, lemuel_fruit_tree, grunt_megastairs_2, uniq_frances,
          uniq_aizul
Snake:2:  layout_rooms, library_closet
Snake:3:  layout_rooms, serial_shops, shop, basic_altar
Snake:4:  johnstein_snake_rune_scales, layout_cave_town, ebering_ghost_xom,
          grunt_ministairs_14
Orc:1:    layout_diamond_mine, uniq_fannar
Orc:2:    grunt_orc_cross, layout_caves
Elf:1:    minmay_elf_arrival_summoners, layout_loops_ring, basic_altar,
          serial_shops, shop, nicolae_shop_peninsula, nicolae_shop_mannequins,
          shop, nicolae_shop_trees, minmay_elf_annihilation
Elf:2:    elven_hall_of_blades_hangedman_original
          [nicolae_blade_entry_hurt_lockers], layout_rooms, uniq_asterion,
          uniq_nikola
Vaults:1: nicolae_vaults_sealed_display, hangedman_vaults_stagger,
          hangedman_vaults_restitches, hangedman_vaults_slither,
          nicolae_vaults_trapezoid_lopsided_3, hangedman_vaults_maws,
          nicolae_vaults_door_testing_chamber, vaults_dpeg_encased_lava,
          serial_ice_g, layout_vaults_omnibox
Vaults:2: v_pattern_2, nicolae_vaults_closet_pinwheel_1,
          nicolae_vaults_security_offices_2, vaults_room_stairs_pillars,
          vaults_room_corners, nicolae_vaults_storage_closets_2,
          nicolae_vaults_yaktaur_gun_rack, layout_vaults_omnigrid
Vaults:3: v_pattern_5, v_misc_4, v_misc_26, nicolae_vaults_little_squares_5,
          nicolae_vaults_storage_closets_1, nicolae_vaults_what_the_h,
          hangedman_vaults_unwind, nicolae_vaults_diffraction_hallways,
          nicolae_vaults_trapezoid_lopsided_1, nicolae_vaults_little_squares_2,
          minmay_crypt_entry_simple_round, nicolae_vaults_theta,
          ontoclasm_vaults_loading_screen, nicolae_vaults_house_2,
          layout_vaults_omnicross, uniq_xtahua
Vaults:4: nicolae_vaults_sightless_eye, nicolae_vaults_heart-shaped_vault,
          nicolae_vaults_house_3, nicolae_vaults_prndl,
          nicolae_vaults_windows_and_doors_thing, v_misc_29,
          grunt_vaults_diagonal, nicolae_vaults_tetromino_T_1,
          vaults_room_fancy_cross, nicolae_vaults_stepped_doors,
          nicolae_vaults_spaceships, nicolae_vaults_crenellated_ambush,
          nicolae_vaults_big_angled_halls, layout_vaults_big_room
Vaults:5: serial_shops
Depths:1: layout_gridlike, lightli_too_deep, abyss_entry,
          nicolae_qazlal_general_emergency, lemuel_another_geyser
Depths:2: kennysheep_demon_jail, layout_basic, enter_ziggurat_f, pan_entry,
          hellmouth_1, serial_shops, nicolae_take_the_stairs, zin_statuary
Depths:3: minmay_glassy_protrusions, layout_basic, serial_shops,
          nicolae_shop_tiny_real_fake_doors, chequers_serial_rivers_micro_d,
          pf_hell_entry_tar_river, nicolae_abyss_entry_one_way_or_another,
          minmay_shop_star, infiniplex_staircase_star
Depths:4: grunt_zot_entry_hairpin, layout_cave_pools, rand_demon_pan_entry_4,
          pf_coc_iceberg, hex_large

Skill      XL: |  1  2  3  4  5  6  7  8  9 10 11 12 13 14 15 16 17 18 19 20 21 22 |
---------------+-------------------------------------------------------------------+-----
Shields        | 4 5 6 7 8 9 11 12 13 14 16 17 18 19 20 21 | 21.9
Armour         | 4 5 6 7 8 9 11 12 13 14 16 17 18 19 20 21 22 | 22.0
Fighting       | 4 5 6 7 8 9 11 12 13 14 17 19 20 22 23 24 25 26 | 26.5
Maces & Flails | 3 4 5 7 9 11 | 11.9
Axes           | 5 9 12 14 16 | 16.5
Invocations    | 4 5 |  5.4
Dodging        | 4 7 9 10 12 14 16 | 16.2
Throwing       | 6 9 11 | 11.0

Action                     |  1- 3 |  4- 6 |  7- 9 | 10-12 | 13-15 | 16-18 | 19-21 | 22-24 || total
---------------------------+-------+-------+-------+-------+-------+-------+-------+-------++-------
  Melee: Flail             |    80 |    94 |   333 |     5 |       |       |       |       ||   512
         Headbutt          |    14 |    16 |    51 |    84 |   285 |   229 |   260 |    61 ||  1000
         Broad axe         |       |       |    14 |   416 |  1239 |   982 |   959 |   183 ||  3793
         Whip              |       |       |       |       |    28 |    48 |       |       ||    76
 Invoke: Heroism           |       |       |       |     4 |     5 |       |     4 |     3 ||    16
  Evoke: Wand              |       |       |       |       |       |       |     1 |       ||     1
    Use: Scroll            |       |     9 |    11 |     8 |    10 |    14 |     9 |     4 ||    65
         Potion            |       |       |     3 |     2 |     2 |     1 |     2 |     9 ||    19
   Stab: Distracted        |       |       |       |       |       |       |     1 |       ||     1
 Armour: Scale mail        |    34 |    12 |       |       |       |       |       |       ||    46
         Chain mail        |       |    46 |    92 |   114 |   575 |   497 |       |       ||  1324
         Plate armour      |       |       |   125 |   223 |       |    28 |   365 |   102 ||   843
  Dodge: Dodged            |    39 |    39 |   101 |   302 |   532 |   309 |   232 |   108 ||  1662
  Block: Buckler           |    18 |    32 |   131 |   238 |   238 |       |       |       ||   657
         Tower shield      |       |       |       |       |   555 |  1566 |  1272 |   262 ||  3655
         Reflection        |       |       |       |       |       |   119 |    89 |     4 ||   212
